[Event "42nd Olympiad Baku 2016 Women"]
[Site "Baku"]
[Date "2016.09.03"]
[Round "2.14"]
[White "Nguyen, Thu Giang"]
[Black "Zaksaite, Salomeja"]
[Result "0-1"]
[ECO "B40"]
[WhiteElo "2119"]
[BlackElo "2298"]
[Annotator ""]
[PlyCount "76"]
[EventDate "2016.??.??"]
[EventCountry "AZE"]
[SourceTitle "playchess.com"]
[Source "ChessBase"]
[WhiteTeam "Australia"]
[BlackTeam "Lithuania"]
[WhiteTeamCountry "AUS"]
[BlackTeamCountry "LTU"]
[TimeControl "40/5400+30:1800+30"]

1. e4 {(00:00)} c5 {(00:00)} 2. Nf3 {(00:01)} e6 {(
00:00)} 3. b3 {(00:28)} Nc6 {(00:53)} 4. c4 {(02:14)} Nf6
{(04:18)} 5. Nc3 {(03:05)} d5 {(10:02)} 6. d3 {(11:
02)} dxe4 {(05:16)} 7. dxe4 {(03:28)} Qxd1+ {(01:14)} 8.
Kxd1 {(00:15)} Bd7 {(01:40)} 9. h3 {(07:27)} O-O-O {
(05:23)} 10. Be3 {(13:44)} Nd4 {(07:05)} 11. Ne5 {(
04:59)} Be8 {(01:14)} 12. Kc1 {(00:47)} Bd6 {(21:32)} 13.
Nd3 {(00:26)} e5 {(02:31)} 14. g3 {(13:05)} Bc6 {(
01:39)} 15. Bg2 {(02:35)} Rhe8 {(09:16)} 16. Kb2 {(01:26)}
Bf8 {(03:57)} 17. Rhd1 {(02:55)} b6 {(02:26)} 18. Rac1 {
(02:35)} h6 {(05:28)} 19. Nd5 {(04:32)} Nd7 {(00:
36)} 20. a3 {(01:33)} g6 {(00:37)} 21. h4 {(04:24)} Bg7 {
(02:33)} 22. Bh3 {(02:33)} f5 {(00:46)} 23. Bxd4 {(
04:42)} cxd4 {(01:57)} 24. exf5 {(01:15)} gxf5 {(02:50)}
25. Bxf5 {(00:34)} e4 {(00:10)} 26. N3f4 {(00:33)} Kb8 {
(06:52)} 27. Ne6 {(07:00)} Rxe6 {(00:09)} 28. Bxe6 {
(00:05)} Nc5 {(00:14)} 29. Nb4 {(01:06)} Bb7 {(02:
07)} 30. Bd5 {(03:10)} Rf8 {(00:45)} 31. Bxe4 {(02:05)}
Nxe4 {(00:23)} 32. Nd3 {(01:06)} Nxf2 {(00:12)} 33. Nf4 {
(00:12)} Nxd1+ {(00:33)} 34. Rxd1 {(00:13)} Re8 {(
01:06)} 35. Kc2 {(01:05)} Re3 {(00:27)} 36. Nh5 {(00:44)}
Be5 {(00:37)} 37. Rd2 {(00:16)} Be4+ {(00:41)} 38. Kd1 {
(00:28)} Bf3+ {(00:07)} 0-1

[Event "42nd Olympiad Baku 2016 Women"]
[Site "Baku"]
[Date "2016.09.03"]
[Round "2.19"]
[White "Nikolovska, Dragana"]
[Black "Al-Khelaifi, Kholoud"]
[Result "0-1"]
[ECO "C77"]
[WhiteElo "1886"]
[BlackElo "1492"]
[Annotator ""]
[PlyCount "110"]
[EventDate "2016.??.??"]
[EventCountry "AZE"]
[SourceTitle "playchess.com"]
[Source "ChessBase"]
[WhiteTeam "Macedonia"]
[BlackTeam "Qatar"]
[WhiteTeamCountry "MKD"]
[BlackTeamCountry "QAT"]
[TimeControl "40/5400+30:1800+30"]

1. e4 {(00:00)} e5 {(00:00)} 2. Nf3 {(00:00)} Nc6 {
(00:00)} 3. Bb5 {(00:09)} a6 {(00:17)} 4. Ba4 {(00:
06)} Nf6 {(00:20)} 5. Qe2 {(00:17)} b5 {(00:42)} 6. Bb3 {
(00:14)} Bc5 {(01:10)} 7. c3 {(01:22)} d6 {(01:58)}
8. h3 {(01:28)} Ba7 {(01:26)} 9. O-O {(01:08)} O-O {
(00:57)} 10. Rd1 {(00:38)} Qe8 {(05:08)} 11. d3 {(
13:10)} Ne7 {(07:15)} 12. Bg5 {(41:47)} Ng6 {(15:17)} 13.
Nh4 {(04:36)} Kh8 {(04:48)} 14. Qf3 {(11:44)} Nxh4 {
(08:24)} 15. Bxh4 {(00:06)} Ng8 {(00:32)} 16. d4 {(
12:59)} f5 {(08:37)} 17. dxe5 {(04:06)} Qxe5 {(03:28)} 18.
Nd2 {(00:52)} Bb7 {(01:36)} 19. Bg3 {(00:51)} f4 {(
01:29)} 20. Bh2 {(00:16)} Nf6 {(03:42)} 21. Re1 {(01:42)}
Rae8 {(03:06)} 22. Bc2 {(00:08)} g5 {(01:23)} 23. a4 {
(01:57)} Rg8 {(04:29)} 24. g4 {(01:04)} fxg3 {(04:
49)} 25. Bxg3 {(00:09)} g4 {(02:19)} 26. hxg4 {(00:49)}
Qg5 {(08:49)} 27. Nf1 {(01:00)} Nxg4 {(01:44)} 28. Qf5 {
(00:46)} Nxf2 {(01:26)} 29. Qxg5 {(00:24)} Rxg5 {(
00:41)} 30. Kh2 {(00:36)} Rh5+ {(01:28)} 31. Kg2 {(00:32)}
Nxe4 {(00:07)} 32. Bxe4 {(00:28)} Bxe4+ {(00:06)} 33. Rxe4
{(00:04)} Rxe4 {(00:33)} 34. axb5 {(00:44)} Rxb5 {(
02:41)} 35. Rxa6 {(00:26)} Bb6 {(01:36)} 36. b4 {(00:28)}
Rf5 {(03:02)} 37. Nh2 {(00:52)} Rc4 {(01:02)} 38. Bxd6 {
(00:28)} Rxc3 {(01:29)} 39. Bg3 {(00:27)} Rg5 {(00:
34)} 40. Nf3 {(00:00)} Rc2+ {(00:00)} 41. Kh3 {(01:15)}
Rg6 {(11:37)} 42. Nh4 {(04:29)} Re6 {(04:52)} 43. Nf5 {
(01:37)} Kg8 {(02:13)} 44. Ra8+ {(10:14)} Kf7 {(01:
19)} 45. Rh8 {(00:59)} Kg6 {(00:52)} 46. Nh4+ {(00:37)}
Kg7 {(00:43)} 47. Rd8 {(00:26)} h5 {(04:19)} 48. Rd7+ {
(02:13)} Kf6 {(02:43)} 49. Rd5 {(02:51)} Rc3 {(02:
10)} 50. Rf5+ {(01:44)} Ke7 {(00:28)} 51. Rxh5 {(05:33)}
Kd7 {(02:00)} 52. Nf5 {(03:06)} Re4 {(00:58)} 53. Kg2 {
(01:21)} Rxb4 {(01:51)} 54. Be1 {(00:56)} Rb2+ {(
00:04)} 55. Kf1 {(00:20)} Rf3+ {(00:09)} 0-1

[Event "42nd Olympiad Baku 2016 Women"]
[Site "Baku"]
[Date "2016.09.03"]
[Round "2.21"]
[White "Nkhoma Desiderata"]
[Black "Shabanaj, Eglantina"]
[Result "0-1"]
[ECO "C00"]
[WhiteElo "1375"]
[BlackElo "1932"]
[Annotator ""]
[PlyCount "114"]
[EventDate "2016.??.??"]
[EventCountry "AZE"]
[SourceTitle "playchess.com"]
[Source "ChessBase"]
[WhiteTeam "MAW"]
[BlackTeam "Albania"]
[BlackTeamCountry "ALB"]
[TimeControl "40/5400+30:1800+30"]

1. e4 {(00:00)} e6 {(00:00)} 2. Nf3 {(00:26)} d5 {(
00:32)} 3. exd5 {(01:07)} exd5 {(00:46)} 4. d4 {(00:41)}
Nf6 {(00:27)} 5. Bd3 {(00:41)} Bg4 {(03:15)} 6. O-O {
(01:44)} Be7 {(00:33)} 7. h3 {(03:54)} Bh5 {(02:03]
} 8. Bf4 {(00:44)} O-O {(01:55)} 9. Nbd2 {(00:53)} Bg6 {
(11:17)} 10. Ne5 {(06:25)} Bxd3 {(00:51)} 11. Nxd3 {
(00:34)} Nbd7 {(04:10)} 12. Qf3 {(00:58)} b6 {(07:
03)} 13. Rae1 {(02:04)} Rc8 {(02:01)} 14. Nb3 {(01:28)} c5
{(01:03)} 15. dxc5 {(01:35)} bxc5 {(00:27)} 16. Ne5 {
(01:22)} Ne4 {(07:00)} 17. Qg4 {(06:05)} Ndf6 {(06:
24)} 18. Qe2 {(04:54)} Re8 {(05:14)} 19. Ng4 {(00:52)} Qb6
{(05:10)} 20. Nxf6+ {(03:29)} Nxf6 {(06:12)} 21. Qf3 {
(04:42)} Bd6 {(02:16)} 22. Bxd6 {(05:56)} Qxd6 {(
00:23)} 23. Re2 {(00:33)} Rxe2 {(01:45)} 24. Qxe2 {(00:00]
} Re8 {(00:20)} 25. Qb5 {(00:12)} c4 {(03:47)} 26. Nd4 {
(02:11)} Rb8 {(06:08)} 27. Qa5 {(04:16)} a6 {(03:
46)} 28. b3 {(08:34)} Qb6 {(04:11)} 29. Qc3 {(00:54)} Ne4
{(03:09)} 30. Qe3 {(04:26)} Re8 {(01:18)} 31. f3 {(
02:43)} Nd6 {(00:35)} 32. Qf4 {(01:30)} Nb5 {(00:48)} 33.
Rd1 {(01:36)} Nc3 {(00:38)} 34. Rd2 {(03:14)} Ne2+ {
(00:12)} 35. Rxe2 {(00:17)} Rxe2 {(00:02)} 36. Kh2 {
(00:46)} Re8 {(01:08)} 37. Nf5 {(00:32)} Qf6 {(02:
21)} 38. bxc4 {(08:31)} dxc4 {(00:10)} 39. Qg4 {(00:00)}
h6 {(00:00)} 40. Ng3 {(00:00)} c3 {(00:00)} 41. Qc4 {
(15:58)} Rd8 {(06:43)} 42. Ne4 {(01:38)} Qf4+ {(01:
42)} 43. Kg1 {(05:39)} Qc1+ {(00:21)} 44. Kh2 {(00:26)}
Qxc2 {(00:11)} 45. Nxc3 {(01:07)} Rd2 {(01:23)} 46. Kg3 {
(06:24)} g5 {(01:16)} 47. Qf1 {(05:43)} Qxc3 {(00:
16)} 48. Kh2 {(02:04)} Qe5+ {(00:15)} 49. Kh1 {(01:32)}
Rxa2 {(00:07)} 50. Qd1 {(02:09)} Ra1 {(00:20)} 51. Qxa1 {
(00:23)} Qxa1+ {(00:08)} 52. Kh2 {(00:23)} Qe5+ {(
00:09)} 53. Kg1 {(00:29)} a5 {(00:06)} 54. Kf2 {(00:38)}
a4 {(00:07)} 55. Kg1 {(00:23)} a3 {(00:08)} 56. h4 {
(00:26)} a2 {(00:04)} 57. hxg5 a1=Q+ 0-1

[Event "42nd Olympiad Baku 2016 Women"]
[Site "Baku"]
[Date "2016.09.03"]
[Round "2.16"]
[White "Nomalungelo, Mathe"]
[Black "Rutherford, Kathleen"]
[Result "0-1"]
[ECO "A46"]
[WhiteElo "1574"]
[BlackElo "1643"]
[Annotator ""]
[PlyCount "112"]
[EventDate "2016.??.??"]
[EventCountry "AZE"]
[SourceTitle "playchess.com"]
[Source "ChessBase"]
[WhiteTeam "Zimbabwe"]
[BlackTeam "Scotland"]
[WhiteTeamCountry "ZIM"]
[BlackTeamCountry "SCO"]
[TimeControl "40/5400+30:1800+30"]

1. d4 {(00:00)} Nf6 {(00:00)} 2. Nf3 {(00:00)} c5 {
(00:00)} 3. Bf4 {(01:54)} cxd4 {(02:37)} 4. Qxd4 {(
02:00)} Nc6 {(01:07)} 5. Qd1 {(00:30)} Qb6 {(05:16)} 6. b3
{(05:42)} g6 {(02:41)} 7. Nbd2 {(03:31)} Bg7 {(03:
15)} 8. Nc4 {(09:55)} Qd8 {(02:44)} 9. Nce5 {(12:00)} O-O
{(23:12)} 10. Nxc6 {(03:50)} bxc6 {(00:24)} 11. Be5 {
(00:23)} d6 {(06:36)} 12. Bc3 {(02:10)} Qb6 {(07:
33)} 13. e3 {(00:56)} a5 {(04:39)} 14. a4 {(02:38)} Bb7 {
(01:41)} 15. Be2 {(01:01)} Rfd8 {(03:04)} 16. O-O {
(00:20)} e5 {(00:34)} 17. h3 {(05:03)} Nd5 {(02:25]
} 18. Bb2 {(04:16)} e4 {(01:38)} 19. Nd2 {(06:23)} Nxe3 {
(04:50)} 20. fxe3 {(04:22)} Qxe3+ {(00:39)} 21. Kh1 {
(00:48)} Bxb2 {(01:03)} 22. Nc4 {(01:34)} Qd4 {(00:
36)} 23. Nxb2 {(01:57)} Qxb2 {(00:50)} 24. Qd2 {(02:22)}
Qe5 {(02:36)} 25. Qe3 {(02:51)} d5 {(01:01)} 26. Rad1 {
(00:24)} d4 {(01:26)} 27. Qf2 {(00:22)} f5 {(01:43]
} 28. Qh4 {(02:21)} Rd7 {(02:33)} 29. Bc4+ {(01:00)} Kg7 {
(01:28)} 30. Rfe1 {(01:35)} Ba6 {(01:40)} 31. Bxa6 {
(01:03)} Rxa6 {(00:09)} 32. Qf2 {(00:20)} Ra8 {(01:
51)} 33. Qe2 {(00:32)} Rad8 {(00:45)} 34. Qc4 {(01:55)}
Qd5 {(01:00)} 35. Qxd5 {(00:44)} Rxd5 {(00:13)} 36. Kg1 {
(00:24)} d3 {(00:33)} 37. cxd3 {(00:58)} Rxd3 {(00:
15)} 38. Rxd3 {(00:24)} exd3 {(06:27)} 39. Rd1 {(00:26)}
Kf6 {(00:41)} 40. Kf2 {(00:00)} Ke5 {(00:00)} 41. Ke3 {
(01:09)} c5 {(09:22)} 42. g3 {(00:24)} Rd4 {(03:43]
} 43. Kd2 {(04:43)} g5 {(05:12)} 44. Re1+ {(02:21)} Re4 {
(03:01)} 45. Rc1 {(01:04)} Kd4 {(04:05)} 46. Rc4+ {
(01:26)} Kd5 {(00:27)} 47. Kxd3 {(00:51)} Rxc4 {(
01:19)} 48. bxc4+ {(00:12)} Ke5 {(00:28)} 49. Ke3 {(00:21]
} f4+ {(01:15)} 50. gxf4+ {(00:28)} gxf4+ {(00:05)} 51.
Kf3 {(00:37)} Kd4 {(00:45)} 52. Kxf4 {(00:10)} Kxc4 {
(00:23)} 53. Ke4 {(00:06)} Kc3 {(00:51)} 54. Ke3 {(
01:03)} c4 {(00:31)} 55. Ke2 {(01:13)} Kb2 {(00:20)} 56.
Kd2 {(00:16)} c3+ {(00:15)} 0-1

[Event "42nd Olympiad Baku 2016 Women"]
[Site "Baku"]
[Date "2016.09.03"]
[Round "2.30"]
[White "Nouman, Amna"]
[Black "Laubscher, Anzel"]
[Result "0-1"]
[ECO "B22"]
[WhiteElo "1983"]
[BlackElo "1814"]
[Annotator ""]
[PlyCount "80"]
[EventDate "2016.??.??"]
[EventCountry "AZE"]
[SourceTitle "playchess.com"]
[Source "ChessBase"]
[WhiteTeam "United Arab Emirates"]
[BlackTeam "South Africa"]
[WhiteTeamCountry "UAE"]
[BlackTeamCountry "RSA"]
[TimeControl "40/5400+30:1800+30"]

1. e4 {(00:00)} c5 {(00:00)} 2. c3 {(00:00)} d5 {(
00:00)} 3. exd5 {(00:01)} Qxd5 {(00:00)} 4. d4 {(00:08)}
e5 {(00:00)} 5. dxe5 {(04:31)} Qxd1+ {(00:23)} 6. Kxd1 {
(00:09)} Nc6 {(00:20)} 7. f4 {(06:05)} Bf5 {(00:44]
} 8. Be2 {(06:24)} O-O-O+ {(00:55)} 9. Ke1 {(01:04)} f6 {
(02:56)} 10. exf6 {(05:52)} Nxf6 {(01:56)} 11. Nd2 {
(02:05)} Bd6 {(05:25)} 12. Nc4 {(05:37)} Bc7 {(02:
57)} 13. Be3 {(11:45)} Rhe8 {(04:43)} 14. Rd1 {(22:21)}
Nd5 {(08:06)} 15. Bxc5 {(03:00)} Bxf4 {(01:25)} 16. Bd6 {
(13:25)} Bxd6 {(07:35)} 17. Rxd5 {(01:01)} Bg3+ {(
01:18)} 18. hxg3 {(00:40)} Rxd5 {(00:11)} 19. Kf2 {(02:08]
} Rf8 {(05:42)} 20. Nf3 {(03:14)} Be4 {(04:29)} 21. Rh4 {
(04:03)} Bxf3 {(01:13)} 22. Bxf3 {(00:50)} h6 {(02:
47)} 23. Kg1 {(02:56)} Rdd8 {(03:24)} 24. a4 {(02:40)} Kc7
{(01:10)} 25. Bh5 {(01:11)} Rd5 {(10:32)} 26. Bf3 {
(00:44)} Rdf5 {(03:01)} 27. g4 {(00:59)} R5f6 {(05:
51)} 28. Rh5 {(00:17)} g5 {(06:03)} 29. Ne3 {(00:25)} Ne7
{(00:23)} 30. Kf2 {(00:38)} Rd8 {(00:56)} 31. Ke2 {
(00:40)} Re6 {(00:46)} 32. Rh1 {(00:21)} Nd5 {(01:
59)} 33. Bxd5 {(00:27)} Rxd5 {(00:07)} 34. Rxh6 {(00:29)}
Rxh6 {(01:21)} 35. Nxd5+ {(00:02)} Kd6 {(00:54)} 36. Ne3 {
(00:05)} Ke5 {(01:59)} 37. Kf3 {(01:37)} Rf6+ {(03:
34)} 38. Nf5 {(00:29)} Ra6 {(01:38)} 39. b3 {(00:23)} Rc6
{(00:40)} 40. c4 {(00:00)} Rb6 {(00:00)} 0-1

[Event "42nd Olympiad Baku 2016 Women"]
[Site "Baku"]
[Date "2016.09.03"]
[Round "2.28"]
[White "Nurse, Lydia"]
[Black "Smith, Melisha"]
[Result "0-1"]
[ECO "D02"]
[WhiteElo "1291"]
[BlackElo "1719"]
[Annotator ""]
[PlyCount "120"]
[EventDate "2016.??.??"]
[EventCountry "AZE"]
[SourceTitle "playchess.com"]
[Source "ChessBase"]
[WhiteTeam "Barbados"]
[BlackTeam "Jamaica"]
[WhiteTeamCountry "BAR"]
[BlackTeamCountry "JAM"]
[TimeControl "40/5400+30:1800+30"]

1. d4 d5 2. Nf3 {(00:22)} c6 {(00:21)} 3. c3 {(02:55)} Bf5
{(02:23)} 4. Bf4 {(00:50)} e6 {(00:48)} 5. e3 {(00:
52)} Nf6 {(01:10)} 6. Bd3 {(02:36)} Bxd3 {(00:34)} 7. Qxd3
{(00:15)} Nbd7 8. Nbd2 {(01:09)} Be7 {(01:23)} 9. O-O {
(02:57)} O-O {(01:23)} 10. h3 {(00:54)} c5 {(01:47]
} 11. Rfe1 {(01:54)} a6 {(04:39)} 12. Bh2 {(08:51)} h6 {
(02:16)} 13. e4 {(04:17)} cxd4 {(06:09)} 14. cxd4 {
(04:58)} dxe4 {(00:45)} 15. Nxe4 {(00:27)} Nxe4 {(
05:17)} 16. Qxe4 {(03:39)} Qb6 {(04:11)} 17. Re2 {(06:49)}
Nf6 {(02:29)} 18. Qd3 {(03:26)} Rac8 {(03:15)} 19. Rc2 {
(13:20)} Nd5 {(04:04)} 20. a3 {(00:55)} Bf6 {(07:
41)} 21. Be5 {(02:03)} Rc6 {(11:22)} 22. Ra2 {(11:23)} a5
{(10:04)} 23. b3 {(07:07)} Rfc8 {(02:37)} 24. Rc4 {
(01:39)} a4 {(07:26)} 25. Rxc6 {(01:14)} Qxc6 {(00:
55)} 26. b4 {(02:14)} Qc1+ {(01:22)} 27. Qf1 {(01:43)}
Qxf1+ {(00:26)} 28. Kxf1 {(00:03)} Rc1+ {(00:10)} 29. Ne1
{(01:13)} Bg5 {(02:04)} 30. g3 {(05:19)} Nc3 {(03:
36)} 31. Rb2 {(02:42)} Nb5 {(02:02)} 32. f4 {(01:22)} Be7
{(00:22)} 33. Rc2 {(01:31)} Rxc2 {(00:53)} 34. Nxc2 {
(00:04)} f6 {(00:31)} 35. Bb8 {(00:21)} Kf8 {(00:
15)} 36. g4 {(02:13)} g6 {(00:09)} 37. f5 {(01:03)} gxf5 {
(00:20)} 38. gxf5 {(00:12)} exf5 {(00:21)} 39. Kf2 {
(02:26)} Bd6 {(00:33)} 40. Bxd6+ {(01:44)} Nxd6 {(
00:09)} 41. Ke2 {(01:44)} Ke7 {(00:00)} 42. d5 {(01:12)}
Ne4 {(00:13)} 43. Ke3 {(02:11)} Kd6 {(01:40)} 44. Kd4 {
(00:17)} Ng3 {(00:27)} 45. Ne3 {(00:57)} b5 {(00:
23)} 46. Ng2 {(03:50)} Ne2+ {(02:14)} 47. Ke3 {(04:02)}
Nc3 {(01:36)} 48. Nf4 {(01:47)} Nxd5+ {(00:40)} 49. Nxd5 {
(00:33)} Kxd5 {(00:07)} 50. Kf4 {(04:36)} Ke6 {(01:
39)} 51. Ke3 {(00:51)} Ke5 {(00:23)} 52. Kf3 {(00:10)} h5
{(00:43)} 53. h4 {(00:57)} f4 {(00:14)} 54. Kf2 {(
01:58)} Ke4 {(01:35)} 55. Ke2 {(00:10)} f3+ {(00:22)} 56.
Kf2 {(00:06)} Kf4 {(00:28)} 57. Kf1 {(01:43)} Kg3 {
(00:15)} 58. Kg1 {(00:46)} f2+ {(00:37)} 59. Kf1 {(
00:16)} f5 {(00:11)} 60. Ke2 {(00:25)} Kg2 0-1

[Event "42nd Olympiad Baku 2016 Women"]
[Site "Baku"]
[Date "2016.09.03"]
[Round "2.20"]
[White "Odinaeva, Saodat"]
[Black "Faqeeh, Yara"]
[Result "1-0"]
[ECO "A48"]
[WhiteElo "1881"]
[BlackElo "1499"]
[Annotator ""]
[PlyCount "71"]
[EventDate "2016.??.??"]
[EventCountry "AZE"]
[SourceTitle "playchess.com"]
[Source "ChessBase"]
[WhiteTeam "Tajikistan"]
[BlackTeam "Palestine"]
[WhiteTeamCountry "TJK"]
[BlackTeamCountry "PLE"]
[TimeControl "40/5400+30:1800+30"]

1. Nf3 Nf6 2. d4 {(00:47)} g6 {(00:36)} 3. Bf4 {(02:16)}
Bg7 {(01:31)} 4. e3 {(00:46)} O-O {(00:56)} 5. Bd3 {
(00:21)} d6 {(04:56)} 6. Nbd2 {(01:33)} Nbd7 {(01:
52)} 7. O-O {(03:48)} c5 {(06:21)} 8. c3 {(01:45)} a6 {
(07:58)} 9. a4 {(02:07)} Rb8 {(03:36)} 10. Qe2 {(
02:59)} Nh5 {(07:38)} 11. Bg5 {(01:35)} h6 {(04:39)} 12.
Bh4 {(00:16)} Nhf6 {(01:59)} 13. h3 {(04:14)} Nd5 {
(04:18)} 14. Bg3 {(03:52)} Nc7 {(05:41)} 15. c4 {(
06:00)} b6 {(06:01)} 16. Rab1 {(03:43)} Bb7 {(02:36)} 17.
d5 {(05:46)} a5 {(04:39)} 18. e4 {(02:34)} Ne8 {(
09:57)} 19. Nh4 {(07:52)} Ne5 {(03:59)} 20. f4 {(00:51)}
Nxd3 {(00:15)} 21. Qxd3 {(00:20)} Nf6 {(04:44)} 22. e5 {
(10:43)} dxe5 {(01:49)} 23. fxe5 {(04:20)} Nh5 {(
01:44)} 24. e6 {(09:00)} fxe6 {(04:08)} 25. Rxf8+ {(08:23]
} Qxf8 {(01:31)} 26. Nxg6 {(02:20)} Qf6 {(01:44)} 27. Bxb8
{(00:56)} Qd4+ {(02:00)} 28. Qxd4 {(00:26)} Bxd4+ {
(00:04)} 29. Kh2 {(00:28)} exd5 {(00:57)} 30. Nxe7+ {
(00:15)} Kg7 {(01:22)} 31. Nxd5 {(00:02)} Bc8 {(00:
35)} 32. Nf3 {(00:45)} Bf5 {(00:38)} 33. Re1 {(00:23)} Kg6
{(02:15)} 34. Nh4+ {(00:08)} Kg5 {(00:18)} 35. Nxf5 {
(00:12)} Kxf5 {(00:09)} 36. b3 {(00:22)} 1-0

[Event "42nd Olympiad Baku 2016 Women"]
[Site "Baku"]
[Date "2016.09.03"]
[Round "2.11"]
[White "Olsarova, Karolina"]
[Black "Rivera, Ingris"]
[Result "0-1"]
[ECO "B92"]
[WhiteElo "2255"]
[BlackElo "2201"]
[Annotator ""]
[PlyCount "130"]
[EventDate "2016.??.??"]
[EventCountry "AZE"]
[SourceTitle "playchess.com"]
[Source "ChessBase"]
[WhiteTeam "Czech Republic"]
[BlackTeam "Colombia"]
[WhiteTeamCountry "CZE"]
[BlackTeamCountry "COL"]
[TimeControl "40/5400+30:1800+30"]

1. e4 {(00:00)} c5 {(00:00)} 2. Nf3 {(00:00)} d6 {(
00:00)} 3. d4 {(00:00)} cxd4 {(00:00)} 4. Nxd4 {(00:00)}
Nf6 {(00:00)} 5. Nc3 {(00:00)} a6 {(00:05)} 6. Be2 {
(00:03)} e5 {(00:08)} 7. Nb3 {(00:06)} Be7 {(00:08]
} 8. Bg5 {(00:23)} Nbd7 {(00:16)} 9. a4 {(00:16)} O-O {
(00:25)} 10. O-O {(00:47)} b6 {(00:37)} 11. Bc4 {(
00:30)} Bb7 {(00:37)} 12. Qe2 {(04:40)} Qc7 {(05:14)} 13.
Nd2 {(04:19)} h6 {(02:20)} 14. Bxf6 {(02:52)} Nxf6 {
(01:28)} 15. Rfd1 {(05:15)} Rfc8 {(03:42)} 16. Bb3 {
(04:52)} Qc5 {(04:39)} 17. Nf1 {(04:20)} b5 {(01:
08)} 18. Rac1 {(27:47)} bxa4 {(05:20)} 19. Nxa4 {(09:19)}
Qb4 {(03:20)} 20. f3 {(05:54)} Nh5 {(25:09)} 21. Qe1 {
(12:27)} Qb5 {(03:03)} 22. Nc3 {(04:44)} Qc5+ {(02:
07)} 23. Qf2 {(00:49)} Nf4 {(00:50)} 24. Qxc5 {(02:45)}
Rxc5 {(00:13)} 25. Ra1 {(03:24)} Rd8 {(05:29)} 26. Ne3 {
(00:21)} Bg5 {(00:35)} 27. Kf2 {(03:46)} g6 {(02:
26)} 28. Ned5 {(01:56)} Nxd5 {(10:41)} 29. Bxd5 {(01:10)}
Bc8 {(03:01)} 30. Ra3 {(00:52)} Kg7 {(01:59)} 31. g3 {
(00:39)} f5 {(00:22)} 32. h4 {(00:38)} Be7 {(01:21]
} 33. Rd2 {(00:38)} f4 {(01:37)} 34. Kg2 {(00:24)} fxg3 {
(00:37)} 35. Kxg3 {(00:03)} h5 {(01:03)} 36. Rg2 {(
01:14)} Rh8 {(03:34)} 37. Rb3 {(00:29)} Ra5 {(03:36)} 38.
Rg1 {(00:25)} Rc5 {(10:13)} 39. Rb8 {(00:22)} g5 {(
00:44)} 40. hxg5 {(00:00)} h4+ {(00:00)} 41. Kf2 {(03:10)}
h3 {(06:36)} 42. Bb3 {(14:16)} h2 {(02:31)} 43. Rh1 {
(00:07)} Bxg5 {(00:41)} 44. Ne2 {(02:29)} Bf4 {(11:
29)} 45. c3 {(01:12)} Kf6 {(05:56)} 46. Bd5 {(02:23)} Rc7
{(01:04)} 47. Rb6 {(05:57)} Rd7 {(01:22)} 48. c4 {(
00:51)} Kg5 {(04:58)} 49. Be6 {(02:38)} Rb7 {(00:32)} 50.
Rxb7 {(00:37)} Bxb7 {(00:04)} 51. Kg2 {(02:30)} Bc8 {
(00:59)} 52. Bxc8 {(00:26)} Rxc8 {(00:05)} 53. b3 {
(00:16)} Rb8 {(01:07)} 54. Rb1 {(00:50)} a5 {(00:
28)} 55. Nc3 {(00:18)} Kh4 {(00:28)} 56. Ne2 {(00:51)}
Rg8+ {(00:12)} 57. Kh1 {(00:31)} Kh3 {(00:09)} 58. Re1 {
(00:33)} Be3 {(01:10)} 59. f4 {(00:12)} exf4 {(00:
17)} 60. Rf1 {(00:08)} Rg7 {(01:14)} 61. Rf3+ {(00:40)}
Kg4 {(00:05)} 62. Rf1 {(00:14)} f3 {(00:22)} 63. Nc3 {
(00:25)} f2 {(00:31)} 64. Kg2 {(01:09)} Kf4+ {(00:
13)} 65. Kxh2 {(00:06)} Kf3 {(00:07)} 0-1

[Event "42nd Olympiad Baku 2016 Women"]
[Site "Baku"]
[Date "2016.09.03"]
[Round "2.3"]
[White "Ortiz, Katherine Berenice"]
[Black "Taweesupmun, Chanida"]
[Result "0-1"]
[ECO "C24"]
[WhiteElo "1857"]
[BlackElo "1773"]
[Annotator ""]
[PlyCount "60"]
[EventDate "2016.??.??"]
[EventCountry "AZE"]
[SourceTitle "playchess.com"]
[Source "ChessBase"]
[WhiteTeam "Honduras"]
[BlackTeam "Thailand"]
[WhiteTeamCountry "HON"]
[BlackTeamCountry "THA"]
[TimeControl "40/5400+30:1800+30"]

1. e4 {(00:00)} e5 {(00:00)} 2. Bc4 {(00:53)} Nf6 {
(00:17)} 3. d3 {(00:38)} c6 {(02:35)} 4. Nf3 {(00:
12)} Bd6 {(00:52)} 5. O-O {(03:51)} O-O {(00:33)} 6. Bg5 {
(01:39)} h6 {(00:28)} 7. Bh4 {(00:08)} Bc7 {(00:38]
} 8. Re1 {(00:50)} Re8 {(00:56)} 9. c3 {(02:01)} d5 {
(00:19)} 10. exd5 {(01:33)} cxd5 {(00:14)} 11. Bxf6 {
(01:00)} gxf6 {(01:24)} 12. Bb3 {(00:12)} f5 {(04:
37)} 13. g3 {(02:32)} Nc6 {(01:56)} 14. Nh4 {(00:32)} Be6
{(03:28)} 15. Qh5 {(00:35)} Qg5 {(00:48)} 16. Qxg5+ {
(01:13)} hxg5 {(00:07)} 17. Nf3 {(00:19)} f6 {(00:
35)} 18. Na3 {(01:41)} a6 {(01:13)} 19. Nc2 {(00:42)} f4 {
(00:29)} 20. a3 {(01:41)} Kf7 {(01:03)} 21. Nd2 {(
00:52)} Rh8 {(02:19)} 22. Nb4 {(02:10)} Nxb4 {(00:39)} 23.
axb4 {(00:21)} Bb6 {(00:45)} 24. c4 {(01:22)} Bxf2+ {
(09:26)} 25. Kxf2 {(00:10)} Rxh2+ {(00:04)} 26. Kg1 {
(01:07)} Rxd2 {(00:07)} 27. cxd5 {(00:06)} Bg4 {(
02:04)} 28. Rac1 {(00:52)} Rh8 {(03:27)} 29. d6+ {(04:30)}
Kg6 {(01:33)} 30. Bd1 {(01:06)} f3 0-1